[Event "Early-Titled-Tuesday-Blitz-December-26-2023"]
[Site "Chess.com"]
[Date "2023.12.26"]
[Round "2"]
[White "SirStrateg"]
[Black "laskakid"]
[Result "1/2-1/2"]
[WhiteElo "2663"]
[BlackElo "2381"]
[TimeControl "180+1"]
[EndTime "8:16:46 PST"]
[Termination "Game drawn by repetition"]

1. d4 d5 2. Bf4 Nf6 3. e3 e6 4. c3 Bd6 5. Bg3 O-O 6. Nd2 c5 7. Ngf3 Qc7 8. Ne5 Nc6 9. f4 Ne7 10. Bd3 Nf5 11. Bf2 Be7 12. g4 Nd6 13. g5 Nfe4 14. Nxe4 Nxe4 15. Qc2 b6 16. Rg1 Bb7 17. h4 a5 18. h5 a4 19. a3 b5 20. g6 fxg6 21. hxg6 h6 22. Bxe4 dxe4 23. dxc5 Qxc5 24. O-O-O Rfd8 25. Nf7 Rxd1+ 26. Qxd1 Bd5 27. Qh5 Bf8 28. Nxh6+ gxh6 29. g7 Bxg7 30. Qxh6 Ra7 31. Qg6 Kf8 32. f5 Rf7 33. fxe6 Bxe6 34. Qxe6 Rxf2 35. Qxe4 Bxc3 36.
Qa8+ Ke7 37. Qb7+ Kf8 38. Qb8+ Ke7 39. Qb7+ Kf8 40. Qb8+ Ke7 41. Qb7+ 1/2-1/2

[Event "Early-Titled-Tuesday-Blitz-December-26-2023"]
[Site "Chess.com"]
[Date "2023.12.26"]
[Round "2"]
[White "rasmussvane"]
[Black "Mikhail_Golubev"]
[Result "1-0"]
[WhiteElo "2927"]
[BlackElo "2618"]
[TimeControl "180+1"]
[EndTime "8:16:49 PST"]
[Termination "rasmussvane won by resignation"]

1. Nf3 d6 2. d4 Nf6 3. g3 g6 4. Bg2 Bg7 5. O-O O-O 6. Re1 Nbd7 7.
e4 e5 8. Nc3 b6 9. a4 a5 10. b3 exd4 11. Nxd4 Nc5 12. Nc6 Qd7 13. e5 dxe5 14. Qxd7 Bxd7 15. Ne7+ Kh8 16. Bxa8 Rxa8 17. Ned5 Nxd5 18. Nxd5 Bf5 19. Ra2 Rd8 20. Nxc7 Ne4 21. Nb5 Nd2 22. Bxd2 Rxd2 23. Na3 Be6 24. Nc4 Bxc4 25.
bxc4 Bf8 26. Kf1 Bc5 27. Re2 Rd1+ 28. Kg2 f6 29. c3 Rc1 30. Rec2 Rb1 31. Rd2 Rc1 32.
Rac2 Ra1 33. Rd7 Rxa4 34. Rcd2 Rxc4 35. Rb7 Kg8 36. Rd8+ Bf8 37. Rbb8 Rxc3 38. Rxf8+ Kg7 39. Rfd8 Rb3 40. Rd7+ Kh6 41. Rdb7 1-0

[Event "Early-Titled-Tuesday-Blitz-December-26-2023"]
[Site "Chess.com"]
[Date "2023.12.26"]
[Round "2"]
[White "mightysmasher"]
[Black "AlexanderL"]
[Result "1/2-1/2"]
[WhiteElo "2600"]
[BlackElo "2849"]
[TimeControl "180+1"]
[EndTime "8:16:50 PST"]
[Termination "Game drawn by repetition"]

1. e4 e6 2. d4 d5 3. exd5 exd5 4. Nf3 Nc6 5. c4 Nf6 6. Nc3 Bb4 7. Be2 O-O 8. O-O dxc4 9. Bxc4 Bg4 10. Be3 Bxc3 11. bxc3 Nd5 12. Bd2 Re8 13. h3 Bh5 14. Bd3 Qf6 15.
Rb1 b6 16. Rb5 Rad8 17. Bg5 Bxf3 18. Bxf6 Bxd1 19. Bxd8 Rxd8 20. Rxd5 Rxd5 21. Rxd1 Rd6 22. Re1 Kf8 23. h4 h6 24. g3 Ne7 25. Kg2 c5 26.
Re4 cxd4 27. cxd4 g6 28. Bc4 Nd5 29. Bb3 Nf6 30. Rf4 Kg7 31. g4 g5 32. hxg5 hxg5 33.
Rf5 Rxd4 34. Rxg5+ Kh6 35. Rf5 Nxg4 36. Rxf7 a5 37. Kg3 a4 38. Bc2 Rc4 39. Bd3 Rc3 40. Kxg4 Rxd3 41. Rf6+ Kg7 42. Rxb6 Rd2 43. f4 Rxa2 44.
Ra6 a3 45. Kg5 Rg2+ 46. Kf5 a2 47. Ra7+ Kh6 48. Kf6 Rb2 49. f5 Rb6+ 50. Ke5 Rb5+ 51. Ke6 Rb6+ 52. Ke5 Rb5+ 53. Ke4 Rb4+ 54. Ke5 Rb5+ 1/2-1/2

[Event "Early-Titled-Tuesday-Blitz-December-26-2023"]
[Site "Chess.com"]
[Date "2023.12.26"]
[Round "2"]
[White "GasconJR"]
[Black "wonderfultime"]
[Result "0-1"]
[WhiteElo "2647"]
[BlackElo "3009"]
[TimeControl "180+1"]
[EndTime "8:16:53 PST"]
[Termination "wonderfultime won on time"]

1. Nf3 d5 2. g3 Nd7 3. d4 Nb6 4. Nc3 Nf6 5. Bg2 h6 6. O-O Bf5 7. Nd2 c6 8. e4 dxe4 9. Ndxe4 e6 10.
Nxf6+ Qxf6 11. Ne4 Qd8 12. b3 Be7 13. Bb2 O-O 14.
c4 Qc7 15. Qe2 Rad8 16. Rad1 a5 17. Bc3 a4 18. Ba5 Ra8 19. b4 Rxa5 20. bxa5 Nd7 21.
a6 bxa6 22. Nc3 Qa5 23. Bxc6 Nb8 24. Be4 Bh3 25. Qc2 Bxf1 26. Kxf1 a3 27. c5 Bf6 28.
Qb3 Rd8 29. Ne2 Nd7 30. Rd3 Rb8 31. Qxa3 Rb1+ 32. Kg2 Qe1 33. Kf3 Bg5 34. Nc3 Nf6 35. Rd1 Rxd1 0-1

[Event "Early-Titled-Tuesday-Blitz-December-26-2023"]
[Site "Chess.com"]
[Date "2023.12.26"]
[Round "2"]
[White "ProfessorChess101"]
[Black "Bauman_Guy"]
[Result "0-1"]
[WhiteElo "2605"]
[BlackElo "2892"]
[TimeControl "180+1"]
[EndTime "8:16:54 PST"]
[Termination "Bauman_Guy won on time"]

1. e4 c5 2. Nc3 d6 3. d4 cxd4 4. Qxd4 Nc6 5. Qd2 g6 6. b3 Bg7 7. Bb2 a6 8. O-O-O b5 9. f4 b4 10. Nd5 Bxb2+ 11. Kxb2 a5 12. Nf3 e6 13. Bb5 Bd7 14.
Ne3 Nf6 15. Qxd6 Rc8 16. Bd3 Ne7 17. e5 Nfd5 18. Nxd5 Nxd5 19. Ng5 Rc6 20. Ne4 Rxd6 21. Nxd6+ Kf8 22. g3 Kg7 23. Bc4 Bc6 24. Ne4 Qb6 25. Rd3 Ne3 26. Rd6 Nxc4+ 27. bxc4 Qc7 28. Re1 Bxe4 29.
Rxe4 Rc8 30. Red4 Qb7 31. Rd7 Rc7 32. R7d6 Qf3 33. Rd3 Qe2 0-1

[Event "Early-Titled-Tuesday-Blitz-December-26-2023"]
[Site "Chess.com"]
[Date "2023.12.26"]
[Round "2"]
[White "LileKoridze"]
[Black "bescmelasti"]
[Result "0-1"]
[WhiteElo "2362"]
[BlackElo "2644"]
[TimeControl "180+1"]
[EndTime "8:16:55 PST"]
[Termination "bescmelasti won by resignation"]

1. d4 Nf6 2. c4 e6 3. Nf3 Bb4+ 4.
Bd2 Qe7 5. Nc3 b6 6. e4 Bxc3 7. Bxc3 Nxe4 8. Qc2 Bb7 9. Be2 O-O 10. O-O Nxc3 11.
Qxc3 d6 12. Rfe1 Nd7 13. Rad1 c5 14. dxc5 Nxc5 15. b4 Ne4 16. Qe3 Rad8 17. Nd4 Nf6 18. Bd3 a6 19. Nf5 Qc7 20. Nxg7 Ng4 21. Qg5 f6 22.
Qxg4 Qxg7 23. Qxe6+ Kh8 24. Be4 Rfe8 25. Qf5 Re5 26. Qf3 Rde8 27. Rd4 f5 28. Qh5 fxe4 29. Qh3 Bc8 30. Qe3 Qg6 31. Rd2 Rg8 32. g3 Bg4 33.
Qxb6 Re6 34. Qd4+ Rg7 35. Qe3 Bf3 36. Qf4 Rf7 37. Qh4 Kg7 38. Rd5 Re5 39. Rd4 Rh5 40. Qd8 Qf5 41. Rd5 Qg4 42. h4 Rxd5 43. cxd5 Rd7 44. Qg5+ Qxg5 45. hxg5 Rc7 46. a4 Rc4 47. Rb1 Kg6 48. b5 axb5 49. axb5 Rc7 50. Ra1 Rb7 51. Ra6 Rxb5 52. Rxd6+ Kxg5 53. Rd7 Rb1+ 0-1

[Event "Early-Titled-Tuesday-Blitz-December-26-2023"]
[Site "Chess.com"]
[Date "2023.12.26"]
[Round "2"]
[White "Kleyton_Lima"]
[Black "sokidze"]
[Result "1-0"]
[WhiteElo "2574"]
[BlackElo "2773"]
[TimeControl "180+1"]
[EndTime "8:16:57 PST"]
[Termination "Kleyton_Lima won on time"]

1. e4 c6 2. d4 d5 3. e5 Bf5 4.
h4 h5 5. Bd3 Bxd3 6. Qxd3 Qa5+ 7. Nd2 e6 8. Nf3 Nh6 9. O-O Nf5 10. Nb3 Qb5 11. Qd1 c5 12. a4 Qb6 13. dxc5 Bxc5 14. Nxc5 Qxc5 15. c3 Nc6 16. Re1 Rc8 17. Bg5 O-O 18.
Nd2 d4 19. Ne4 Qd5 20. Qxh5 Nxe5 21. g4 f6 22. gxf5 exf5 23. Bxf6 gxf6 24. Qxf5 Rc7 25. Kh2 Rg7 26. f3 dxc3 27. bxc3 Qd3 28. Rf1 Qe2+ 29. Rf2 Qa6 30. Rd1 Qc6 31. Rd6 Qc7 32. Nxf6+ Rxf6 33. Qxf6 Rg6 34. Rd8+ 1-0

[Event "Early-Titled-Tuesday-Blitz-December-26-2023"]
[Site "Chess.com"]
[Date "2023.12.26"]
[Round "2"]
[White "Druid24"]
[Black "arturdailima"]
[Result "1-0"]
[WhiteElo "2695"]
[BlackElo "2325"]
[TimeControl "180+1"]
[EndTime "8:16:58 PST"]
[Termination "Druid24 won by resignation"]

1. e4 e5 2. Nf3 Nc6 3. Bc4 Nf6 4. d3 Bc5 5. O-O O-O 6. c3 d6 7. h3 a5 8. a4 h6 9. Re1 Be6 10. Nbd2 Ba7 11. Qb3 Bxc4 12. Nxc4 Qd7 13. Be3 Bxe3 14.
Nxe3 b6 15. Rad1 Rfe8 16. Qc4 Ne7 17. Rd2 Ng6 18. h4 Ng4 19. g3 Nxe3 20. Rxe3 Qg4 21.
Qxc7 Re6 22. Qxb6 Rf6 23. Nh2 Qh3 24. Rf3 Nf4 25. gxf4 Rg6+ 26. Rg3 exf4 27. Rxg6 fxg6 28. Qxd6 Rf8 29. f3 Qg3+ 30. Rg2 Qe1+ 31. Nf1 Qxh4 32. Qxg6 Rf7 33. e5 Qe7 34. d4 Kh8 35. Nd2 Rf8 36.
Ne4 Rf7 37. Kf1 Rf8 38. Nf6 gxf6 39. Qxh6+ Qh7 40. Qxf8+ 1-0

[Event "Early-Titled-Tuesday-Blitz-December-26-2023"]
[Site "Chess.com"]
[Date "2023.12.26"]
[Round "2"]
[White "Pumpkin_in_moonlight"]
[Black "chessdiamant"]
[Result "0-1"]
[WhiteElo "2303"]
[BlackElo "2552"]
[TimeControl "180+1"]
[EndTime "8:16:58 PST"]
[Termination "chessdiamant won on time"]

1. e4 c5 2. Nf3 d6 3. d4 cxd4 4. Nxd4 Nf6 5. Nc3 Nc6 6. Nxc6 bxc6 7. Bc4 e6 8. O-O Be7 9. Bb3 O-O 10. Bf4 e5 11. Bg3 Be6 12. Bxe6 fxe6 13. Kh1 Rb8 14. Rb1 Qe8 15. f3 Qg6 16. Bf2 Rb7 17. Ne2 d5 18.
exd5 exd5 19. c4 d4 20. Ng3 c5 21. b3 Bd6 22. Qe2 Rbf7 23. Bg1 e4 24. Nxe4 Nxe4 25. fxe4 Rxf1 26. Rxf1 Rxf1 27. Qxf1 Qxe4 28. Qf3 Qxf3 29.
gxf3 Kf7 30. Kg2 Ke6 31. Kf1 Kf5 32. b4 cxb4 33. Bxd4 g5 34. h3 a5 35. c5 Bc7 36.
c6 Ke6 37. Ke2 Kd5 38. Bf6 h6 39. Bg7 h5 40. Bf6 Kxc6 41. Bxg5 a4 42. Kd3 Kd5 43. h4 Be5 44. f4 b3 45. axb3 a3 0-1

[Event "Early-Titled-Tuesday-Blitz-December-26-2023"]
[Site "Chess.com"]
[Date "2023.12.26"]
[Round "2"]
[White "BigAl"]
[Black "nitpicker"]
[Result "0-1"]
[WhiteElo "2531"]
[BlackElo "2315"]
[TimeControl "180+1"]
[EndTime "8:16:58 PST"]
[Termination "nitpicker won on time"]

1. e4 c5 2. Nc3 a6 3. g3 b5 4. Bg2 Bb7 5. d3 e6 6. Nf3 d6 7.
O-O Nf6 8. Re1 Qc7 9. a4 b4 10. Nb1 Be7 11. Nbd2 Nc6 12. Nc4 a5 13. Bf4 Nd7 14.
c3 O-O 15. d4 bxc3 16. bxc3 cxd4 17. cxd4 e5 18. Be3 Nxd4 19. Rc1 Nxf3+ 20. Bxf3 Nc5 21. Bxc5 dxc5 22. Rb1 Rfd8 23. Qb3 Bc6 24. Ne3 Rab8 25. Qa2 Rb4 26. Rxb4 cxb4 27. Rc1 Qb7 28. Qc4 Bxa4 29.
Nf5 Bf8 30. h4 Bb5 31. Qa2 a4 32. h5 b3 33. Qb2 Bd7 34. Rd1 Ra8 35. Qd2 Bxf5 0-1

[Event "Early-Titled-Tuesday-Blitz-December-26-2023"]
[Site "Chess.com"]
[Date "2023.12.26"]
[Round "2"]
[White "GMJustin"]
[Black "SARGISMV"]
[Result "0-1"]
[WhiteElo "2246"]
[BlackElo "2519"]
[TimeControl "180+1"]
[EndTime "8:16:58 PST"]
[Termination "SARGISMV won on time"]

1. e4 e6 2. d4 d5 3. Nc3 Bb4 4. Bd3 dxe4 5. Bxe4 Nf6 6. Bf3 c5 7. Ne2 Nc6 8. Be3 cxd4 9. Nxd4 Bxc3+ 10. bxc3 Bd7 11.
Nxc6 Bxc6 12. Bxc6+ bxc6 13. Qxd8+ Kxd8 14. Ke2 e5 15. Rhd1+ Kc7 16. c4 Ne4 17. Rd3 Nd6 18. Rad1 Rhd8 19.
Bc5 Nxc4 20. Rxd8 Rxd8 21. Rxd8 Kxd8 22. Bxa7 Kc7 23. Kd3 Nd6 24. Bc5 Nb7 25. Bf8 g6 26. Ke4 f6 27. Be7 Nd6+ 28. Bxd6+ Kxd6 29. g4 Ke6 30. a4 f5+ 31. gxf5+ gxf5+ 32. Kd3 Kd5 33. f3 Kc5 34. c3 Kb6 35. Kc4 Ka5 0-1

[Event "Early-Titled-Tuesday-Blitz-December-26-2023"]
[Site "Chess.com"]
[Date "2023.12.26"]
[Round "2"]
[White "rquery98"]
[Black "DvaHrasta"]
[Result "1-0"]
[WhiteElo "2741"]
[BlackElo "2456"]
[TimeControl "180+1"]
[EndTime "8:17:00 PST"]
[Termination "rquery98 won on time"]

1. Nf3 Nf6 2. g3 d5 3. Bg2 c5 4.
O-O Nc6 5. d4 Bg4 6. Ne5 cxd4 7.
Nxg4 Nxg4 8. e3 Nf6 9. exd4 e6 10.
c3 Be7 11. a4 a5 12. Nd2 O-O 13. Nf3 Ne8 14. Ne1 Qb6 15. Nd3 Nd6 16. Re1 Rfd8 17. h4 h6 18. Qg4 Kf8 19. Bf3 Nc4 20. Qh5 Qa6 21. Nf4 Bf6 22. g4 Bxd4 23. cxd4 Nxd4 24. Bd1 e5 25. Ng2 Qg6 26. Qxg6 fxg6 27. b3 Nd6 28.
Rxe5 Ne4 29. Ba3+ Kg8 30. Re7 b5 31. Bb2 Nc6 32. Rxg7+ Kf8 33. f3 Nd2 34. Rxg6 Nb4 35. Bc3 Nxb3 36. Bxb3 d4 37. Bxb4+ axb4 38. Rxh6 bxa4 39. Rh8+ Ke7 40. Rxd8 1-0

[Event "Early-Titled-Tuesday-Blitz-December-26-2023"]
[Site "Chess.com"]
[Date "2023.12.26"]
[Round "2"]
[White "Mikasinski"]
[Black "drillovsky"]
[Result "1-0"]
[WhiteElo "2644"]
[BlackElo "2366"]
[TimeControl "180+1"]
[EndTime "8:17:03 PST"]
[Termination "Mikasinski won on time"]

1. e4 c5 2. Nf3 e6 3. d4 cxd4 4.
Nxd4 Nf6 5. Nc3 Nc6 6. Ndb5 Bb4 7. a3 Bxc3+ 8. Nxc3 d5 9. exd5 exd5 10. Bd3 O-O 11. O-O Bg4 12. f3 Bh5 13. Kh1 d4 14. Ne4 Nxe4 15. Bxe4 Bg6 16. Bxg6 hxg6 17. b4 Ne7 18.
Bb2 Nf5 19. Qd3 Qh4 20. Kg1 Rfe8 21. Bc1 Rac8 22. Bd2 Ne3 23. Rfc1 Qg5 24. g3 Qf5 25. Qxf5 gxf5 26. c3 Nc4 27. Bf4 d3 28. Rd1 Rcd8 29. Ra2 f6 30. h4 Kf7 31. Kf2 Rg8 32. a4 g5 33. hxg5 fxg5 34. Be3 Rh8 35. Raa1 Rh2+ 36. Kg1 Re2 37. Bd4 f4 38. Rxd3 fxg3 39. Rad1 Nb2 40.
R3d2 Rxd2 41. Rxd2 Nc4 42. Rg2 Ke6 43. Rxg3 Kf5 44.
Kg2 a5 45. b5 Re8 46. Kf2 1-0

[Event "Early-Titled-Tuesday-Blitz-December-26-2023"]
[Site "Chess.com"]
[Date "2023.12.26"]
[Round "2"]
[White "Grammnik"]
[Black "ljuks68"]
[Result "0-1"]
[WhiteElo "2204"]
[BlackElo "2508"]
[TimeControl "180+1"]
[EndTime "8:17:04 PST"]
[Termination "ljuks68 won by resignation"]

1. d4 d5 2. Nf3 Nf6 3. c4 c6 4.
Nc3 dxc4 5. a4 Bf5 6. e3 e6 7.
Bxc4 Bb4 8. O-O Nbd7 9. Qb3 Qe7 10.
Na2 Bd6 11. Qxb7 O-O 12. Qb3 Bg4 13. Be2 e5 14. dxe5 Nxe5 15. Qc3 Ne4 16. Qc2 Nxf3+ 17. gxf3 Bh3 18. f4 Bxf1 19. Bxf1 f5 20. Nc3 Rf6 21.
Bg2 Rg6 22. Kh1 Nxc3 23. bxc3 Bxf4 24. Ba3 Qg5 25. Bh3 Be5 26. Qxf5 Qxf5 27. Bxf5 Rf6 28.
e4 g6 29. Be7 gxf5 30. Bxf6 Bxf6 31. exf5 Rb8 32. Rd1 Rb3 33. Rd6 Bxc3 34. Rxc6 Bd4 35. Kg2 Ra3 36. Ra6 Bb6 37. h4 Kf7 38. h5 Kf6 0-1

[Event "Early-Titled-Tuesday-Blitz-December-26-2023"]
[Site "Chess.com"]
[Date "2023.12.26"]
[Round "2"]
[White "shanemelaughcm"]
[Black "AljoschaFeuerstack"]
[Result "0-1"]
[WhiteElo "2376"]
[BlackElo "2694"]
[TimeControl "180+1"]
[EndTime "8:17:06 PST"]
[Termination "AljoschaFeuerstack won by resignation"]

1. e4 c6 2. d4 a6 3. Bd3 d5 4. Nc3 dxe4 5. Bxe4 Nf6 6. Bf3 Bf5 7. Bg5 e6 8. Nge2 Be7 9. Ng3 Bg6 10. O-O h6 11. Bh4 Nbd7 12. Re1 O-O 13. Qe2 Qb6 14. Rab1 Qxd4 15.
Nce4 Rfe8 16. c3 Qb6 17. Nxf6+ Nxf6 18. Rbd1 Rad8 19. Nf1 Qb5 20. Qxb5 axb5 21. a3 Bc2 22. Rc1 Bb3 23. Bg3 Nd5 24. Bd1 Bc4 25. Be2 Bg5 26.
Rcd1 Bxe2 27. Rxe2 Nxc3 28. bxc3 Rxd1 29. f4 Be7 30.
Ra2 Bc5+ 31. Bf2 Bxf2+ 32. Kxf2 Red8 33. a4 bxa4 34. Rxa4 Rc1 35. Rb4 b5 36. Rb3 Rdd1 37. Ne3 Rd2+ 38. Kf3 f5 39. c4 bxc4 40. Rb8+ Kh7 41.
Re8 Re1 42. Rxe6 Rd3 43. Kf2 Rc1 44. Nxf5 Rc2+ 45. Kf1 Rd1+ 46. Re1 Rxe1+ 47. Kxe1 Rxg2 48. Ne3 Rxh2 49. Nxc4 Kg6 50. Ne3 c5 51. Kd1 Kf7 52.
Kc1 g5 53. fxg5 hxg5 54. Ng4 Re2 55. Kd1 Re4 56. Nf2 Rf4 57. Nd3 Rd4 58. Kc2 Rxd3 59. Kxd3 g4 60. Ke3 c4 0-1

[Event "Early-Titled-Tuesday-Blitz-December-26-2023"]
[Site "Chess.com"]
[Date "2023.12.26"]
[Round "2"]
[White "KorolDimitriy75"]
[Black "Semetey"]
[Result "0-1"]
[WhiteElo "2357"]
[BlackElo "2627"]
[TimeControl "180+1"]
[EndTime "8:17:06 PST"]
[Termination "Semetey won on time"]

1. d4 c5 2. d5 e5 3. c4 d6 4.
Nc3 g6 5. e4 Bg7 6. Nf3 Ne7 7.
Be2 O-O 8. O-O a6 9. Rb1 Bg4 10. b4 Nd7 11. Be3 b6 12. bxc5 Nxc5 13. Nd2 Bd7 14. Nb3 Qc7 15. Nxc5 bxc5 16. Qc2 Rfb8 17.
Rb3 h6 18. Rfb1 f5 19. f3 fxe4 20. fxe4 Kh7 21. Qb2 Rxb3 22. Qxb3 Ra7 23. Qb8 Nc8 24. Qxc7 Rxc7 25. Rb8 Bf6 26. Bd1 Kg7 27. Ba4 Bxa4 28. Nxa4 Be7 29. Bd2 Bg5 30. Ba5 Rf7 31. Rb3 h5 32. g3 Ne7 33. Kg2 Ng8 34. h4 Bc1 35. Bd8 Bd2 36. Rd3 Be1 0-1

[Event "Early-Titled-Tuesday-Blitz-December-26-2023"]
[Site "Chess.com"]
[Date "2023.12.26"]
[Round "2"]
[White "stollenmonster"]
[Black "sheldons73tshirt"]
[Result "1-0"]
[WhiteElo "2923"]
[BlackElo "2595"]
[TimeControl "180+1"]
[EndTime "8:17:12 PST"]
[Termination "stollenmonster won on time"]

1. e4 c6 2. d4 d5 3. e5 Bf5 4. Ne2 e6 5. Ng3 Bg6 6. h4 h6 7. h5 Bh7 8. Bd3 Bxd3 9. cxd3 Nd7 10. Be3 Qa5+ 11. Nc3 Bb4 12. O-O Ne7 13. Nce2 Qd8 14. Nf4 O-O 15. Qg4 Kh8 16. Nh3 c5 17. dxc5 Bxc5 18.
d4 Bb6 19. f4 f5 20. exf6 Rxf6 21. f5 Nxf5 22. Nxf5 Rxf5 23. Rxf5 exf5 24. Qxf5 Nf6 25. Nf4 Qd7 26. Qxd7 Nxd7 27. Nxd5 Rd8 28. Rf1 Nf8 29. Nxb6 axb6 30. d5 Nd7 31. Bd4 Kg8 32. Re1 Nc5 33. Re5 Nd3 34. Re7 Rxd5 35. Rxg7+ Kf8 36. Bc3 Nf4 37.
Rxb7 Ne2+ 38. Kf2 Nxc3 39. bxc3 b5 40. g4 Rc5 41. Rh7 Rxc3 42. Rxh6 Rc2+ 43. Kg3 Rxa2 44. Rb6 Rb2 45. Kf4 b4 46. Kg5 b3 47. Kg6 Rg2 48.
g5 b2 49. h6 1-0

[Event "Early-Titled-Tuesday-Blitz-December-26-2023"]
[Site "Chess.com"]
[Date "2023.12.26"]
[Round "2"]
[White "PabloZarnicki"]
[Black "GeorgMeier"]
[Result "0-1"]
[WhiteElo "2659"]
[BlackElo "3034"]
[TimeControl "180+1"]
[EndTime "8:17:13 PST"]
[Termination "GeorgMeier won by resignation"]

1. e4 e6 2. d4 d5 3. exd5 exd5 4. Nf3 Nf6 5. Bd3 Bd6 6. O-O O-O 7. Bg5 Bg4 8. Nbd2 Nbd7 9. c3 c6 10. Qc2 h6 11. Bh4 Qc7 12. Bf5 Bxf5 13. Qxf5 g6 14. Qc2 Rfe8 15. Rfe1 Kg7 16. Bg3 Bxg3 17. hxg3 h5 18.
Rxe8 Rxe8 19. Re1 Rxe1+ 20. Nxe1 Ng4 21. Ndf3 Ndf6 22. Qe2 Ne4 23. Nd3 Qa5 24. a3 Qb5 25.
Nfe5 Nxe5 26. dxe5 Nc5 27. Nf4 Qxe2 28. Nxe2 Nd3 29. b4 Nxe5 30. a4 a5 31. Nd4 Nc4 32. Nb3 b6 33. bxa5 Nxa5 34. Nd4 Kf6 35. f4 Ke7 36. Kf2 Kd6 37. f5 Nc4 38. fxg6 fxg6 39. Nb3 c5 40. Kf3 g5 41. Ke2 Ke5 42. Kf3 Kf5 43. Ke2 Kg4 44. Kf2 Nd6 45. a5 Ne4+ 46. Ke3 bxa5 47. Nxa5 Nxc3 48. Nb7 Ne4 49. Nd8 Kxg3 50.
Ne6 Kxg2 0-1

[Event "Early-Titled-Tuesday-Blitz-December-26-2023"]
[Site "Chess.com"]
[Date "2023.12.26"]
[Round "2"]
[White "Dinosaurio_1975"]
[Black "Pendos666"]
[Result "1-0"]
[WhiteElo "2605"]
[BlackElo "2828"]
[TimeControl "180+1"]
[EndTime "8:17:13 PST"]
[Termination "Dinosaurio_1975 won by checkmate"]

1. e4 c5 2. Nf3 Nc6 3. Bb5 g6 4.
O-O Bg7 5. c3 Nf6 6. Re1 O-O 7.
h3 d5 8. e5 Ne8 9. d4 cxd4 10.
cxd4 Bd7 11. Nc3 Nc7 12. Bf1 Rc8 13. Be3 a6 14. Rc1 b5 15. a4 Rb8 16. axb5 axb5 17. Nd2 Na5 18. Nb3 Nc4 19. Qe2 b4 20. Nxd5 Nxd5 21.
Qxc4 Be6 22. Qd3 Bf5 23. Qd2 f6 24. exf6 exf6 25. Nc5 Re8 26. Bc4 Kh8 27. Bf4 Nxf4 28. Qxf4 Rxe1+ 29. Rxe1 Bf8 30. Be6 Bd6 31. Qf3 Qe7 32.
Re3 Qa7 33. g4 Bxc5 34. dxc5 Bxe6 35. Rxe6 Qa1+ 36. Kg2 Qxb2 37. Rxf6 Kg8 38. Qd5+ Kh8 39. Qd6 Kg7 40. g5 Qa2 41. Qxb8 Qd5+ 42. Kh2 Qxg5 43.
Qf8# 1-0

[Event "Early-Titled-Tuesday-Blitz-December-26-2023"]
[Site "Chess.com"]
[Date "2023.12.26"]
[Round "2"]
[White "Alexchess1984"]
[Black "Abduzhaparov"]
[Result "1-0"]
[WhiteElo "2706"]
[BlackElo "2433"]
[TimeControl "180+1"]
[EndTime "8:17:13 PST"]
[Termination "Alexchess1984 won by resignation"]

1. e4 d6 2. d4 Nf6 3. Nc3 e5 4. Nf3 exd4 5. Qxd4 Be7 6. Bg5 O-O 7. O-O-O Nc6 8. Qd2 h6 9. Bf4 Be6 10. Bd3 Nb4 11.
a3 Nxd3+ 12. Qxd3 a6 13. h3 b5 14. g4 Rb8 15. Rdg1 b4 16. axb4 Rxb4 17. g5 Nh5 18. Bd2 Bc4 19. Qe3 hxg5 20. Nxg5 c6 21. Qf3 Nf6 22. Nb1 Qb8 23. Bxb4 Qxb4 24. Qc3 Rb8 25. Qxb4 Rxb4 26. Nd2 Be6 27. c3 Ra4 28. Nxe6 fxe6 29.
Kc2 d5 30. Ra1 Rxa1 31. Rxa1 dxe4 32. Rxa6 Bc5 33. Rxc6 Bxf2 34. Rxe6 Kf7 35. Rxf6+ gxf6 36. Nxe4 Be3 37. Kd3 Bc1 38. b4 f5 39. Ng3 Ke6 40. Ne2 Bg5 41. Nd4+ Kf6 42. c4 Bh4 43. Nf3 Bg3 44. c5 Ke6 45. Kc4 f4 46. b5 Kf5 47. c6 Ke4 48. c7 Kxf3 49. c8=Q Kg2 50. b6 f3 51. Qc6 Kh2 52. Qxf3 Bb8 53. b7 Ba7 54. Kd5 Bb8 55. h4 Ba7 56. h5 Bb8 57. h6 Kg1 58. h7 Bf4 59. Qxf4 1-0

[Event "Early-Titled-Tuesday-Blitz-December-26-2023"]
[Site "Chess.com"]
[Date "2023.12.26"]
[Round "2"]
[White "rachidhuilda"]
[Black "Iskusnyh"]
[Result "0-1"]
[WhiteElo "2356"]
[BlackElo "2619"]
[TimeControl "180+1"]
[EndTime "8:17:13 PST"]
[Termination "Iskusnyh won on time"]

1. d4 d5 2. Nf3 Nf6 3. c4 c6 4. Nc3 e6 5. Bg5 Be7 6. e3 h6 7. Bh4 Nbd7 8. cxd5 Nxd5 9. Bg3 Qa5 10. Qb3 c5 11. Bb5 cxd4 12. exd4 Bb4 13. Bxd7+ Bxd7 14. O-O Bxc3 15. bxc3 b5 16. Ne5 Qxc3 17. Qd1 Rd8 18. Rc1 Qa3 19. Nxd7 Rxd7 20. Rc8+ Rd8 21. Rxd8+ Kxd8 22. Qg4 g5 23. Be5 Rg8 24. h4 Ke7 25. g3 Qxa2 26.
Rc1 Qd2 27. Rc6 Qe1+ 28. Kg2 f5 29. Qh5 Qe4+ 30. Kg1 Ne3 31. fxe3 Qxc6 0-1

[Event "Early-Titled-Tuesday-Blitz-December-26-2023"]
[Site "Chess.com"]
[Date "2023.12.26"]
[Round "2"]
[White "Flawless_Fighter"]
[Black "chess_blitz00"]
[Result "0-1"]
[WhiteElo "2797"]
[BlackElo "2416"]
[TimeControl "180+1"]
[EndTime "8:17:14 PST"]
[Termination "chess_blitz00 won by resignation"]

1. e4 c5 2. Nf3 d6 3. Bb5+ Nd7 4. O-O a6 5. Bd3 e5 6. c3 Ngf6 7. Re1 b5 8. Bf1 Be7 9. d4 O-O 10. a4 Bb7 11. d5 c4 12. Nbd2 Nc5 13. axb5 axb5 14.
Rxa8 Qxa8 15. Qc2 Qa2 16. Nh4 Bc8 17. g3 Bg4 18. h3 Bd7 19. Bg2 Ra8 20. Rf1 Qa4 21.
Qb1 Qa1 22. Qc2 Ra2 23. f4 Nh5 24. Nf5 Bxf5 25. exf5 Nxg3 26. f6 Bxf6 27. fxe5 Nxf1 28. exf6 Nxd2 29. Qxd2 Nd3 30. Qe2 Qxc1+ 31. Bf1 Qg5+ 32. Kh1 gxf6 33. Qe8+ Kg7 34. Qe4 Ra1 0-1

[Event "Early-Titled-Tuesday-Blitz-December-26-2023"]
[Site "Chess.com"]
[Date "2023.12.26"]
[Round "2"]
[White "WindWhistler11"]
[Black "JohnWhite1952"]
[Result "1-0"]
[WhiteElo "2449"]
[BlackElo "2018"]
[TimeControl "180+1"]
[EndTime "8:17:14 PST"]
[Termination "WindWhistler11 won on time"]

1. Nf3 Nf6 2. g3 g6 3. Bg2 Bg7 4. c4 O-O 5. O-O c5 6. d3 Nc6 7. Nc3 d6 8. a3 a5 9. Rb1 Bd7 10. Bd2 Nd4 11. Ne1 Rb8 12. e3 Nc6 13. Nc2 Qc8 14.
Re1 Bh3 15. Bh1 Bg4 16. f3 Bd7 17. b4 axb4 18. axb4 Nxb4 19. Nxb4 cxb4 20. Rxb4 Bc6 21. Qb3 Qf5 22. e4 Qd7 23. d4 Qc7 24. Be3 Bd7 25. Rb1 e6 26. Bg2 Rfe8 27. Bf1 d5 28. Bf4 dxc4 29.
Rxc4 Qd8 30. Bxb8 Qxb8 31. Qxb7 Qd6 32. e5 Qe7 33. exf6 Bxf6 34. Ne4 Bg7 35. Rc7 Rd8 36. Kg2 Qe8 37. Nd6 Qe7 38. Nb5 1-0

[Event "Early-Titled-Tuesday-Blitz-December-26-2023"]
[Site "Chess.com"]
[Date "2023.12.26"]
[Round "2"]
[White "hsmile"]
[Black "Ramla2020"]
[Result "1/2-1/2"]
[WhiteElo "2081"]
[BlackElo "2461"]
[TimeControl "180+1"]
[EndTime "8:17:15 PST"]
[Termination "Game drawn by repetition"]

1. d4 Nf6 2. Nc3 d5 3. Bg5 Ne4 4. Nxe4 dxe4 5. e3 c6 6. Qd2 Qb6 7. O-O-O Be6 8. Kb1 h6 9. Bf4 Na6 10. Ne2 f5 11. Nc3 Bf7 12. f3 exf3 13. gxf3 O-O-O 14. Bh3 e6 15. e4 g6 16. Be5 Rg8 17. Bf1 Bd6 18.
Bxd6 Rxd6 19. e5 Rd7 20. Bxa6 Qxa6 21. Qxh6 Qc4 22. Qe3 Rgd8 23. Ne2 c5 24. c3 Kb8 25.
f4 b5 26. Qd3 Qa4 27. Qc2 Qc4 28. dxc5 Qxc5 29. Rxd7 Rxd7 30. Rd1 Rc7 31. Rd6 Qe3 32. Qd1 Kb7 33. Qh1+ Kb8 34. Rd8+ Rc8 35. Rxc8+ Kxc8 36. Qc6+ Kd8 37. Qd6+ Ke8 38. Qb8+ Ke7 39.
Qc7+ Ke8 40. Qc8+ Ke7 41. Qc7+ Kf8 42. Qd8+ Kg7 43. Qf6+ Kg8 44. Qd8+ Kh7 45. Qf6 Kg8 46. Qd8+ Kg7 47. Qf6+ Kg8 1/2-1/2